| TOP OF THE 1ST |
|
New York Mets batting - Pitching for Philadelphia Phillies : RHP Julian Bush
|
|
Pitching: RHP Julian Bush
|
|
|
Batting: SHB Javy Rosa
|
0-0: Called Strike 0-1: Ball 1-1: Foul Ball, location: 2F 1-2: SINGLE (Line Drive, 9S, EV 101.2 MPH)
|
|
Batting: SHB Sean Cook
|
0-0: Called Strike 0-1: Swinging Strike 0-2: Strikes out swinging
|
|
Batting: SHB Harry Hoop
|
0-0: Ball 1-0: Swinging Strike 1-1: Ball 2-1: SINGLE (Groundball, 6S, EV 66.9 MPH) (infield hit) Javy Rosa to second
|
|
Batting: SHB Lewis Thorpe Jr.
|
0-0: Ball 1-0: Ball 2-0: Called Strike 2-1: Foul Ball, location: 2F 2-2: Ball 3-2: Foul Ball, location: 2F 3-2: Fly out, F8 (Flyball, 89D, EV 92.5 MPH) Runner from 2nd tags up, SAFE at 3rd, no throw by CF
|
|
Batting: SHB Nelle van den Berg
|
0-0: Foul Ball, location: 2F 0-1: Ball 1-1: SINGLE (Line Drive, 4D, EV 99.4 MPH) Javy Rosa scores Harry Hoop to second Runner from 2nd tries for 3rd, SAFE, throw by CF made to third
|
|
Batting: SHB Jonathan Jenkins
|
0-0: Swinging Strike 0-1: Foul Ball, location: 2F 0-2: Ground out U3 (Groundball, 3, EV 86.9 MPH)
|
| Top of the 1st over - 1 run, 3 hits, 0 errors, 2 left on base; New York 1 - Philadelphia 0 |
| BOTTOM OF THE 1ST |
|
Philadelphia Phillies batting - Pitching for New York Mets : RHP Matt McAtee
|
|
Pitching: RHP Matt McAtee
|
|
|
Batting: SHB Patrick Kimmel
|
0-0: Ball 1-0: Foul Ball, location: 2F 1-1: Ball 2-1: Called Strike 2-2: Strikes out looking
|
|
Batting: RHB Ji-an Li
|
0-0: Ball 1-0: SINGLE (Groundball, 6MD, EV 94.4 MPH)
|
|
Batting: LHB Eric Katz
|
0-0: Swinging Strike 0-1: Called Strike 0-2: Strikes out swinging Ji-an Li steals 2nd base Batter strikes out.
|
|
Batting: LHB Alberto Figueroa
|
0-0: Called Strike 0-1: Swinging Strike 0-2: Strikes out swinging
|
| Bottom of the 1st over - 0 runs, 1 hit, 0 errors, 1 left on base; New York 1 - Philadelphia 0 |
| TOP OF THE 2ND |
|
New York Mets batting - Pitching for Philadelphia Phillies : RHP Julian Bush
|
|
Batting: SHB Gus Berry
|
0-0: Ball 1-0: Called Strike 1-1: Ball 2-1: Ball 3-1: Fly out, F7 (Flyball, 7S, EV 86.2 MPH)
|
|
Batting: RHB Jeff Jank
|
0-0: Ball 1-0: Bunt for hit to 13 - play at first, batter OUT! 1-3
|
|
Batting: SHB Tomas Caldera
|
0-0: Ground out 5-3 (Groundball, 5, EV 103.1 MPH)
|
| Top of the 2nd over - 0 runs, 0 hits, 0 errors, 0 left on base; New York 1 - Philadelphia 0 |
| BOTTOM OF THE 2ND |
|
Philadelphia Phillies batting - Pitching for New York Mets : RHP Matt McAtee
|
|
Batting: LHB Ryan Trombley
|
0-0: SINGLE (Line Drive, 7S, EV 102.5 MPH)
|
|
Batting: RHB Raul de la Cruz
|
0-0: SINGLE (Groundball, 6S, EV 73.8 MPH) (infield hit) Ryan Trombley to second
|
|
Batting: SHB Rafael Vazquez
|
0-0: Called Strike 0-1: Called Strike 0-2: Strikes out looking
|
|
Batting: RHB Luis Arce
|
0-0: Ball 1-0: Grounds into double play, 6-4-3 (Groundball, 6, EV 81.9 MPH)
|
| Bottom of the 2nd over - 0 runs, 2 hits, 0 errors, 1 left on base; New York 1 - Philadelphia 0 |
| TOP OF THE 3RD |
|
New York Mets batting - Pitching for Philadelphia Phillies : RHP Julian Bush
|
|
Batting: SHB Javy Rosa
|
0-0: Called Strike 0-1: SINGLE (Line Drive, 56, EV 98.8 MPH)
|
|
Batting: SHB Sean Cook
|
0-0: Ball 1-0: DOUBLE (Line Drive, 3D, EV 96.2 MPH) Javy Rosa to third
|
|
Batting: SHB Harry Hoop
|
0-0: Swinging Strike 0-1: Foul Ball, location: 2F 0-2: Ball 1-2: Fly out, F8 (Flyball, 8RXD, EV 94.4 MPH) Runner from 3rd tags up, SCORES, no throw by CF Sean Cook to third
|
|
Batting: SHB Lewis Thorpe Jr.
|
0-0: Ball 1-0: Fly out, F8 (Flyball, 8LXD, EV 100.6 MPH) Runner from 3rd tags up, SCORES, no throw by CF
|
|
Batting: SHB Nelle van den Berg
|
0-0: Ball 1-0: Ground out 3-1 (Groundball, 34S, EV 83.8 MPH)
|
| Top of the 3rd over - 2 runs, 2 hits, 0 errors, 0 left on base; New York 3 - Philadelphia 0 |
| BOTTOM OF THE 3RD |
|
Philadelphia Phillies batting - Pitching for New York Mets : RHP Matt McAtee
|
|
Batting: RHB Mitch Boyd
|
0-0: Called Strike 0-1: Called Strike 0-2: Foul Ball, location: 2F 0-2: Ball 1-2: Ball 2-2: Strikes out swinging
|
|
Batting: SHB Patrick Kimmel
|
0-0: Called Strike 0-1: Foul Ball, location: 2F 0-2: Ball 1-2: Ground out 5-3 (Groundball, 56, EV 90.0 MPH)
|
|
Batting: RHB Ji-an Li
|
0-0: SINGLE (Line Drive, 6MD, EV 97.5 MPH)
|
|
Batting: LHB Eric Katz
|
0-0: Called Strike 0-1: Ball Ji-an Li is caught stealing 2nd base 2-6
|
| Bottom of the 3rd over - 0 runs, 1 hit, 0 errors, 0 left on base; New York 3 - Philadelphia 0 |
| TOP OF THE 4TH |
|
New York Mets batting - Pitching for Philadelphia Phillies : RHP Julian Bush
|
|
Batting: SHB Jonathan Jenkins
|
0-0: Ball 1-0: Ball 2-0: Ball 3-0: Base on Balls
|
|
Batting: SHB Gus Berry
|
0-0: Called Strike 0-1: Swinging Strike 0-2: Strikes out looking
|
|
Batting: RHB Jeff Jank
|
0-0: Ball 1-0: Ball 2-0: Ball 3-0: 2-RUN HOME RUN (Line Drive, 7D, EV 101.2 MPH), Distance : 375 ft
|
|
Pitching: RHP Mike Kamm
|
|
|
Batting: SHB Tomas Caldera
|
0-0: Ball 1-0: Called Strike 1-1: Ball 2-1: SINGLE (Groundball, 4D, EV 102.5 MPH)
|
|
Batting: SHB Javy Rosa
|
0-0: Called Strike 0-1: Ball 1-1: Called Strike 1-2: Foul Ball, location: 2F 1-2: Ball 2-2: Foul Ball, location: 2F 2-2: Fly out, F8 (Flyball, 8RM, EV 91.2 MPH)
|
|
Batting: SHB Sean Cook
|
0-0: Called Strike 0-1: Ball 1-1: Fielders Choice at 2nd, 5-4 (Groundball, 5L, EV 106.9 MPH)
|
| Top of the 4th over - 2 runs, 2 hits, 0 errors, 1 left on base; New York 5 - Philadelphia 0 |
| BOTTOM OF THE 4TH |
|
Philadelphia Phillies batting - Pitching for New York Mets : RHP Matt McAtee
|
|
Batting: LHB Eric Katz
|
0-0: Swinging Strike 0-1: Foul Ball, location: 2F 0-2: Foul Ball, location: 2F 0-2: Ball 1-2: Fly out, F9 (Line Drive, 9, EV 100.0 MPH)
|
|
Batting: LHB Alberto Figueroa
|
0-0: Ball 1-0: Ball 2-0: Called Strike 2-1: Swinging Strike 2-2: Strikes out swinging
|
|
Batting: LHB Ryan Trombley
|
0-0: Ball 1-0: Fly out, F8 (Flyball, 78M, EV 95.0 MPH)
|
| Bottom of the 4th over - 0 runs, 0 hits, 0 errors, 0 left on base; New York 5 - Philadelphia 0 |
| TOP OF THE 5TH |
|
New York Mets batting - Pitching for Philadelphia Phillies : RHP Mike Kamm
|
|
Batting: SHB Harry Hoop
|
0-0: Ball 1-0: SOLO HOME RUN (Flyball, 89XD, EV 98.1 MPH), Distance : 402 ft
|
|
Batting: SHB Lewis Thorpe Jr.
|
0-0: Ball 1-0: Ball 2-0: Foul Ball, location: 2F 2-1: Ball 3-1: Base on Balls
|
|
Batting: SHB Nelle van den Berg
|
0-0: Fly out, F5 (Flyball, 56D, EV 80.0 MPH)
|
|
Batting: SHB Jonathan Jenkins
|
0-0: Ball 1-0: Ball 2-0: Called Strike 2-1: Called Strike 2-2: Ball 3-2: Base on Balls Lewis Thorpe Jr. to second
|
|
Batting: SHB Gus Berry
|
0-0: Ball 1-0: Ball 2-0: Called Strike 2-1: Ball 3-1: Called Strike Lewis Thorpe Jr. steals 3rd base (no throw) Jonathan Jenkins to second 3-2: Fly out, F8 (Flyball, 8LXD, EV 98.1 MPH) Runner from 3rd tags up, SCORES, no throw by CF Jonathan Jenkins to third
|
|
Batting: RHB Jeff Jank
|
0-0: Ball 1-0: Fly out, F8 (Line Drive, 8LD, EV 88.8 MPH)
|
| Top of the 5th over - 2 runs, 1 hit, 0 errors, 1 left on base; New York 7 - Philadelphia 0 |
| BOTTOM OF THE 5TH |
|
Philadelphia Phillies batting - Pitching for New York Mets : RHP Matt McAtee
|
|
Batting: RHB Raul de la Cruz
|
0-0: Ball 1-0: Ball 2-0: Ball 3-0: Called Strike 3-1: SINGLE (Flyball, 8RS, EV 90.6 MPH)
|
|
Batting: SHB Rafael Vazquez
|
0-0: Grounds into double play, 4-6-3 (Groundball, 4, EV 85.0 MPH)
|
|
Batting: RHB Luis Arce
|
0-0: Ball 1-0: Ground out 5-3 (Groundball, 56, EV 94.4 MPH)
|
| Bottom of the 5th over - 0 runs, 1 hit, 0 errors, 0 left on base; New York 7 - Philadelphia 0 |
| TOP OF THE 6TH |
|
New York Mets batting - Pitching for Philadelphia Phillies : RHP Mike Kamm
|
|
Batting: SHB Tomas Caldera
|
0-0: Swinging Strike 0-1: Foul Ball, location: 2F 0-2: Strikes out swinging
|
|
Batting: SHB Javy Rosa
|
0-0: Foul Ball, location: 2F 0-1: Ground out 4-3 (Groundball, 4, EV 83.1 MPH)
|
|
Batting: SHB Sean Cook
|
0-0: Ball 1-0: Called Strike 1-1: Called Strike 1-2: Strikes out swinging
|
| Top of the 6th over - 0 runs, 0 hits, 0 errors, 0 left on base; New York 7 - Philadelphia 0 |
| BOTTOM OF THE 6TH |
|
Philadelphia Phillies batting - Pitching for New York Mets : RHP Matt McAtee
|
|
Batting: RHB Mitch Boyd
|
0-0: Ball 1-0: Foul Ball, location: 2F 1-1: Swinging Strike 1-2: Ball 2-2: Foul Ball, location: 2F 2-2: Strikes out swinging
|
|
Batting: SHB Patrick Kimmel
|
0-0: Called Strike 0-1: Foul Ball, location: 2F 0-2: Ball 1-2: Strikes out swinging
|
|
Batting: RHB Ji-an Li
|
0-0: Called Strike 0-1: Ball 1-1: SINGLE (Groundball, 6D, EV 101.2 MPH)
|
|
Batting: LHB Eric Katz
|
0-0: Swinging Strike 0-1: Called Strike 0-2: Strikes out looking
|
| Bottom of the 6th over - 0 runs, 1 hit, 0 errors, 1 left on base; New York 7 - Philadelphia 0 |
| TOP OF THE 7TH |
|
New York Mets batting - Pitching for Philadelphia Phillies : RHP Mike Kamm
|
|
Batting: SHB Harry Hoop
|
0-0: Foul Ball, location: 2F 0-1: Foul Ball, location: 2F 0-2: Ball 1-2: Ball 2-2: Ground out 6-3 (Groundball, 6, EV 77.5 MPH)
|
|
Batting: SHB Lewis Thorpe Jr.
|
0-0: Swinging Strike 0-1: Foul Ball, location: 2F 0-2: Ground out U3 (Groundball, 3L, EV 103.1 MPH)
|
|
Pinch Hitting: SHB Scott Bartholomew
|
0-0: Called Strike 0-1: Ball 1-1: Ball 2-1: Ball 3-1: Foul Ball, location: 2F 3-2: Foul Ball, location: 2F 3-2: SINGLE (Flyball, 8LS, EV 96.9 MPH)
|
|
Batting: SHB Jonathan Jenkins
|
0-0: Ball 1-0: Ball 2-0: Ball 3-0: Called Strike 3-1: Base on Balls Scott Bartholomew to second
|
|
Batting: SHB Gus Berry
|
0-0: Ball 1-0: Foul Ball, location: 2F 1-1: Ground out U3 (Groundball, 3, EV 103.8 MPH)
|
| Top of the 7th over - 0 runs, 1 hit, 0 errors, 2 left on base; New York 7 - Philadelphia 0 |
| BOTTOM OF THE 7TH |
|
Philadelphia Phillies batting - Pitching for New York Mets : RHP Matt McAtee
|
|
Now at SS: Scott Bartholomew
|
|
|
Batting: LHB Alberto Figueroa
|
0-0: Ball 1-0: Ball 2-0: Called Strike 2-1: Fly out, F8 (Flyball, 8LS, EV 85.0 MPH)
|
|
Batting: LHB Ryan Trombley
|
0-0: Called Strike 0-1: Fly out, F8 (Line Drive, 8LD, EV 88.8 MPH)
|
|
Batting: RHB Raul de la Cruz
|
0-0: Called Strike 0-1: Called Strike 0-2: Ball 1-2: Fly out, F9 (Flyball, 9, EV 78.8 MPH)
|
| Bottom of the 7th over - 0 runs, 0 hits, 0 errors, 0 left on base; New York 7 - Philadelphia 0 |
| TOP OF THE 8TH |
|
New York Mets batting - Pitching for Philadelphia Phillies : RHP Mike Kamm
|
|
Batting: RHB Jeff Jank
|
0-0: Ball 1-0: Foul Ball, location: 2F 1-1: Foul Ball, location: 2F 1-2: Ball 2-2: Ball 3-2: Foul Ball, location: 2F 3-2: Base on Balls
|
|
Pitching: RHP Brandon Tuckson
|
|
|
Batting: SHB Tomas Caldera
|
0-0: Foul Ball, location: 2F 0-1: Ball 1-1: Foul Ball, location: 2F 1-2: Foul Ball, location: 2F 1-2: Foul Ball, location: 2F 1-2: SINGLE (Groundball, 13S, EV 68.8 MPH) (infield hit) Jeff Jank to second
|
|
Pinch Hitting: LHB Timo Gomez
|
0-0: Ball 1-0: Ball 2-0: Foul Ball, location: 2F 2-1: Called Strike 2-2: Ball 3-2: Foul Ball, location: 2F 3-2: Base on Balls Jeff Jank to third Tomas Caldera to second
|
|
Batting: SHB Sean Cook
|
0-0: Foul Ball, location: 2F 0-1: Ball 1-1: Foul Ball, location: 2F 1-2: Foul Ball, location: 2F 1-2: Ball 2-2: Foul Ball, location: 2F 2-2: Ball 3-2: Foul Ball, location: 2F 3-2: Base on Balls Jeff Jank scores Tomas Caldera to third Timo Gomez to second
|
|
Batting: SHB Harry Hoop
|
0-0: Ball 1-0: Called Strike 1-1: Swinging Strike 1-2: Strikes out swinging
|
|
Batting: SHB Lewis Thorpe Jr.
|
0-0: Ball 1-0: Ball 2-0: Ball 3-0: Base on Balls Tomas Caldera scores Timo Gomez to third Sean Cook to second
|
|
Batting: SHB Scott Bartholomew
|
0-0: Called Strike 0-1: Swinging Strike 0-2: Strikes out swinging
|
|
Batting: SHB Jonathan Jenkins
|
0-0: Ball 1-0: SINGLE (Groundball, 6S, EV 66.9 MPH) (infield hit) Timo Gomez scores Sean Cook to third Lewis Thorpe Jr. to second
|
|
Batting: SHB Gus Berry
|
0-0: Called Strike 0-1: Ball 1-1: Swinging Strike 1-2: Ball 2-2: Ball 3-2: Ground out 5-3 (Groundball, 56, EV 108.1 MPH)
|
| Top of the 8th over - 3 runs, 2 hits, 0 errors, 3 left on base; New York 10 - Philadelphia 0 |
| BOTTOM OF THE 8TH |
|
Philadelphia Phillies batting - Pitching for New York Mets : RHP Matt McAtee
|
|
Now in LF: Timo Gomez
|
|
|
Batting: SHB Rafael Vazquez
|
0-0: Ball 1-0: DOUBLE (Line Drive, 78D, EV 111.2 MPH)
|
|
Batting: RHB Luis Arce
|
0-0: Ball 1-0: Ground out 6-3 (Groundball, 6, EV 90.0 MPH) Rafael Vazquez to third
|
|
Batting: RHB Mitch Boyd
|
0-0: Called Strike 0-1: Called Strike 0-2: Strikes out swinging
|
|
Batting: SHB Patrick Kimmel
|
0-0: Fly out, F9 (Flyball, 89M, EV 78.8 MPH)
|
| Bottom of the 8th over - 0 runs, 1 hit, 0 errors, 1 left on base; New York 10 - Philadelphia 0 |
| TOP OF THE 9TH |
|
New York Mets batting - Pitching for Philadelphia Phillies : RHP Brandon Tuckson
|
|
Pitching: RHP Rico Romero
|
|
|
Batting: RHB Jeff Jank
|
0-0: Foul Ball, location: 2F 0-1: SINGLE (Line Drive, 78S, EV 92.5 MPH)
|
|
Batting: SHB Tomas Caldera
|
0-0: Ball 1-0: Fly out, F8 (Line Drive, 8RM, EV 98.1 MPH)
|
|
Batting: LHB Timo Gomez
|
0-0: Foul Ball, location: 2F 0-1: Ball 1-1: Ball 2-1: Foul Ball, location: 2F 2-2: Foul Ball, location: 2F 2-2: Foul Ball, location: 2F 2-2: Foul Ball, location: 2F 2-2: Foul Ball, location: 2F 2-2: Foul Ball, location: 2F 2-2: Ball 3-2: Strikes out swinging
|
|
Batting: SHB Sean Cook
|
0-0: Ball 1-0: Ball 2-0: Called Strike 2-1: Swinging Strike 2-2: Foul Ball, location: 2F 2-2: Ball 3-2: Strikes out swinging
|
| Top of the 9th over - 0 runs, 1 hit, 0 errors, 1 left on base; New York 10 - Philadelphia 0 |
| BOTTOM OF THE 9TH |
|
Philadelphia Phillies batting - Pitching for New York Mets : RHP Matt McAtee
|
|
Batting: RHB Ji-an Li
|
0-0: Ground out 4-3 (Groundball, 4, EV 83.8 MPH)
|
|
Batting: LHB Eric Katz
|
0-0: Ball 1-0: Ball 2-0: Ball 3-0: Called Strike 3-1: Swinging Strike 3-2: Foul Ball, location: 2F 3-2: Strikes out swinging
|
|
Batting: LHB Alberto Figueroa
|
0-0: Ball 1-0: Ball 2-0: Called Strike 2-1: Foul Ball, location: 2F 2-2: Ground out 6-3 (Groundball, 6M, EV 103.8 MPH)
|
| Bottom of the 9th over - 0 runs, 0 hits, 0 errors, 0 left on base; New York 10 - Philadelphia 0 |
|